 Dungeon Sprint DCSS version 0.20.1-1-g8b1a95d (console) character file.

3900000 hilaritas the Axe Maniac (level 26, -43/266 HPs)
             Began as a Minotaur Gladiator on Jan 21, 2018.
             Was the Champion of Makhleb.
             Annihilated by a destroyer
             ... wielding a +9 great sword of slicing
              (177 damage)
             ... in the Dungeon (Sprint VIII: "Arena of Blood").
             The game lasted 00:02:39 (39 turns).

hilaritas the Axe Maniac (Minotaur Gladiator)         Turns: 39, Time: 00:02:39

Health: -43/266    AC:  6    Str: 28    XL:     26   Next: 10%
Magic:  21/53      EV: 32    Int:  5    God:    Makhleb [******]
Gold:   0          SH:  0    Dex: 15    Spells: 79/79 levels left

rFire    . . .     SeeInvis .   l - +∞ Axe of Woe
rCold    . . .     Gourm    .   (shield currently unavailable)
rNeg     . . .     Faith    .   b - +0 leather armour
rPois    .         Spirit   .   c - +0 hat
rElec    .         Reflect  .   (no cloak)
rCorr    .         Harm     .   (no gloves)
MR       +....     NoTele   +   (no boots)
Stlth    +++++++++.             (no amulet)
Regen    0.6/turn               (no ring)
MPRegen  0.4/turn               (no ring)

@: no status effects
A: retaliatory headbutt, horns 2
a: Minor Destruction, Lesser Servant of Makhleb, Major Destruction, Greater
Servant of Makhleb, Renounce Religion


You were in the Dungeon.
You worshipped Makhleb.
Makhleb was exalted by your worship.
You were not hungry.

You visited 1 branch

Inventory:

Hand Weapons
 a - a +0 war axe
 l - the +∞ Axe of Woe (weapon)
   (You found it in the Dungeon)
Missiles
 d - 3 throwing nets (quivered)
Armour
 b - a +0 leather armour (worn)
 c - a +0 hat (worn)
Scrolls
 k - a scroll of blinking
Potions
 e - a potion of curing
 g - a potion of heal wounds
 h - a potion of haste
 i - 2 potions of magic
 j - a potion of berserk rage
Comestibles
 f - a bread ration


   Skills:
 O Level 27 Fighting
 O Level 27 Axes
 O Level 27 Throwing
 O Level 27 Armour
 O Level 27 Dodging
 O Level 27 Stealth
 O Level 27 Unarmed Combat
 O Level 27 Spellcasting
 O Level 27 Invocations


You had 79 spell levels left.
You didn't know any spells.

Dungeon Overview and Level Annotations

Branches:
Dungeon (1/1)

Altars:
Makhleb

Annotations:
D The Servant


Innate Abilities, Weirdness & Mutations

You reflexively headbutt those who attack you in melee.
You have a pair of horns on your head.


Message History

You dice the meat berserker like an onion!!!
You chop the meat berserker into pieces.
You kill the meat berserker!
Makhleb accepts your kill.
You have reached level 26!
You slice the bag of meat!!
You butcher the bag of meat messily.
You kill the bag of meat!
Makhleb accepts your kill.
You hear a shout! x4
The eight-headed meat hydra calls on the powers of darkness!
The eight-headed meat hydra convulses!
The meat berserker convulses! x2
Your body is wracked with pain!
You hear a shout! x3 2 orcs and a skeletal warrior come into view.
You hear a shout! x2
The destroyer blinks!
You hear a shout! x2
The destroyer hits you with a +9 great sword of slicing!!!!!
Ouch! That really hurt!
You die...

..o ..# ..#
....z..o..##o....#
..###...D..... ......#
.........§..%###.....#
............O........#
.#.......#.#.O.oV....#
_#.............@....=#
)#))..))#)#x#)x).V...#
..)).)§V))§))))o@....#
.)..)))x)#)#z#x)#....#
..###%§§§.z..xo#o....#
..#...%......§..#.o..#
..#..........oO#.o...#
...%..%..............#
......#...#...o..##o.#
....%#....#..ooo## o.#


You could see The Servant, 2 destroyers, a sculptor of flesh, 2 meat berserkers,
a small abomination, 10 bags of meat and 3 crawling corpses.

Vanquished Creatures
  3 vampire knights (D)
  17 ogres (D)
  A two-headed ogre (D)
  27 orcs (D)
48 creatures vanquished.

Vanquished Creatures (others)
  2 crawling corpses (D)
2 creatures vanquished.

Grand Total: 50 creatures vanquished

Notes
Turn   | Place    | Note
-------+----------+-------------------------------------------
     0 | D        | hilaritas the Minotaur Gladiator began the quest for the Orb.
     0 | D        | Reached XP level 1. HP: 18/18 MP: 0/0
     3 | D        | Noticed a bag of meat
     3 | D        | Noticed a bag of meat
     4 | D        | Noticed a bag of meat
     4 | D        | Became a worshipper of Makhleb the Destroyer
     5 | D        | Noticed a bag of meat
     5 | D        | Noticed a meat berserker
     6 | D        | Noticed a bag of meat
     7 | D        | Noticed a meat berserker
     7 | D        | Noticed a meat berserker
     7 | D        | Killed a bag of meat
     7 | D        | Reached skill level 27 in Axes
     7 | D        | Reached skill level 15 in Fighting
     7 | D        | Reached XP level 2. HP: 49/49 MP: 1/1
     7 | D        | Reached XP level 3. HP: 56/56 MP: 2/2
     7 | D        | Reached XP level 4. HP: 63/63 MP: 3/3
     7 | D        | Reached XP level 5. HP: 70/70 MP: 4/4
     7 | D        | Reached XP level 6. HP: 78/78 MP: 5/5
     7 | D        | Reached XP level 7. HP: 84/84 MP: 6/6
     7 | D        | Reached XP level 8. HP: 92/92 MP: 7/7
     7 | D        | Reached XP level 9. HP: 100/100 MP: 8/8
     7 | D        | Reached XP level 10. HP: 107/107 MP: 9/9
     7 | D        | Reached XP level 11. HP: 114/114 MP: 10/10
     8 | D        | Noticed a bag of meat
     8 | D        | Killed a bag of meat
     8 | D        | Reached * piety under Makhleb
     8 | D        | Reached XP level 12. HP: 63/143 MP: 11/11
     8 | D        | Killed a meat berserker
     8 | D        | Reached skill level 27 in Fighting
     8 | D        | Reached XP level 13. HP: 70/159 MP: 12/12
     8 | D        | Reached XP level 14. HP: 74/168 MP: 13/13
     9 | D        | Noticed a meat berserker
     9 | D        | Killed a meat berserker
     9 | D        | Reached XP level 15. HP: 77/174 MP: 14/14
    11 | D        | Killed a meat berserker
    11 | D        | Reached ** piety under Makhleb
    11 | D        | Reached skill level 27 in Dodging
    11 | D        | Reached XP level 16. HP: 119/183 MP: 15/15
    12 | D        | Noticed a meat berserker
    13 | D        | Killed a meat berserker
    13 | D        | Reached skill level 27 in Armour
    13 | D        | Reached *** piety under Makhleb
    13 | D        | Reached XP level 17. HP: 191/191 MP: 15/30
    14 | D        | Noticed a destroyer
    14 | D        | Noticed a meat berserker
    15 | D        | Noticed a large bag of meat
    15 | D        | Killed a destroyer
    15 | D        | Reached skill level 27 in Invocations
    15 | D        | Reached XP level 18. HP: 200/200 MP: 15/34
    16 | D        | Noticed a meat berserker
    16 | D        | Noticed a meat berserker
    16 | D        | Noticed a meat berserker
    17 | D        | Noticed a meat berserker
    17 | D        | Killed a meat berserker
    17 | D        | Reached **** piety under Makhleb
    17 | D        | Killed a meat berserker
    17 | D        | Reached skill level 27 in Stealth
    17 | D        | Reached XP level 19. HP: 207/207 MP: 15/35
    18 | D        | Noticed a meat berserker
    19 | D        | Killed a meat berserker
    19 | D        | Reached ***** piety under Makhleb
    19 | D        | Reached skill level 27 in Throwing
    19 | D        | Killed a meat berserker
    19 | D        | Reached skill level 15 in Unarmed Combat
    19 | D        | Reached skill level 10 in Spellcasting
    19 | D        | Reached XP level 20. HP: 216/216 MP: 16/36
    20 | D        | Killed a meat berserker
    20 | D        | Reached skill level 15 in Spellcasting
    22 | D        | Noticed a destroyer
    22 | D        | Noticed a meat berserker
    22 | D        | Noticed a meat berserker
    22 | D        | Reached XP level 21. HP: 224/224 MP: 16/42
    22 | D        | Killed a large bag of meat
    22 | D        | Reached skill level 27 in Unarmed Combat
    22 | D        | Reached ****** piety under Makhleb
    24 | D        | Noticed a destroyer
    24 | D        | Reached XP level 22. HP: 233/233 MP: 17/51
    24 | D        | Reached skill level 27 in Spellcasting
    26 | D        | Noticed a destroyer
    26 | D        | Reached XP level 23. HP: 240/240 MP: 17/53
    30 | D        | Killed a destroyer
    30 | D        | Reached XP level 24. HP: 249/249 MP: 19/53
    31 | D        | Noticed The Servant
    33 | D        | Noticed a destroyer
    34 | D        | Noticed a large bag of meat
    34 | D        | Killed a destroyer
    34 | D        | Reached XP level 25. HP: 257/257 MP: 20/53
    37 | D        | Noticed a destroyer
    38 | D        | Reached XP level 26. HP: 266/266 MP: 21/53
    39 | D        | Annihilated by a destroyer

Skill      XL: |  1  2  3  4  5  6  7  8  9 10 11 12 13 14 15 16 17 18 19 20 21 22 |
---------------+-------------------------------------------------------------------+-----
Axes           | 27 | 27.0
Fighting       | 15 23 27 | 27.0
Dodging        | 18 26 27 | 27.0
Armour         | 25 27 | 27.0
Invocations    | 20 27 | 27.0
Stealth        | 16 27 | 27.0
Throwing       | 14 27 | 27.0
Unarmed Combat | 15 25 27 | 27.0
Spellcasting   | 10 18 26 27 | 27.0

Action                   |  1- 3 |  4- 6 |  7- 9 | 10-12 | 13-15 | 16-18 | 19-21 | 22-24 | 25-27 || total
-------------------------+-------+-------+-------+-------+-------+-------+-------+-------+-------++-------
Melee: Executioner's axe |     1 |       |       |     1 |     2 |     3 |     4 |     5 |     2 ||    18
Dodge: Dodged            |       |       |       |       |       |     1 |     1 |     1 |     1 ||     4
